 Dungeon Crawl Stone Soup version 0.30-a0-223-gcb0039aa0c (webtiles) character file.

Game seed: 846428925867619110

649 Pooter the Charlatan (level 7, 0/51 HPs)
             Began as a Gnoll Wanderer on Oct 9, 2022.
             Was a Believer of Makhleb.
             Slain by an orc wizard
             ... wielding a +1 dagger of venom
              (2 damage)
             ... on level 5 of the Dungeon.
             The game lasted 00:27:30 (4038 turns).

Pooter the Charlatan (Gnoll Wanderer)               Turns: 4038, Time: 00:27:31

Health: 0/51       AC:  3    Str:  8    XL:     7   Next: 53%
Magic:  21/21      EV: 12    Int: 18    God:    Makhleb [**....]
Gold:   254        SH:  0    Dex: 10    Spells: 5/13 levels left

rFire   . . .      SeeInvis .    a - +0 halberd
rCold   . . .      Faith    .    (shield currently unavailable)
rNeg    . . .      Spirit   .    t - +0 leather armour
rPois   .          Reflect  .    (no helmet)
rElec   .          Harm     .    (no cloak)
rCorr   .          Rampage  .    (no gloves)
Will    .....                    (no boots)
Stlth   ++........               j - amulet of regeneration
HPRegen 1.08/turn                q - ring of magical power
MPRegen 0.17/turn                (no ring)

@: lethally poisoned (0 -> -15)
A: fangs 1, strong nose, distributed training
a: Renounce Religion, Minor Destruction


You were on level 5 of the Dungeon.
You worshipped Makhleb.
Makhleb was pleased with you.
You visited 1 branch of the dungeon, and saw 5 of its levels.

You collected 254 gold pieces.

Inventory:

Hand Weapons
 a - a +0 halberd (weapon)
   (You took it off a gnoll on level 5 of the Dungeon)
 b - a +0 shortbow
 h - a +0 sling
   (You found it on level 1 of the Dungeon)
 w - a +0 flail
   (You took it off an orc on level 3 of the Dungeon)
 x - a +2 dagger of speed
   (You found it on level 3 of the Dungeon)
Missiles
 Q - 18 stones (quivered)
Armour
 d - a +0 robe
 t - a +0 leather armour (worn)
   (You found it on level 2 of the Dungeon)
Magical Staves
 B - a staff of air
   (You found it on level 3 of the Dungeon)
Jewellery
 e - an amulet of magic regeneration
   (You found it on level 1 of the Dungeon)
 j - an amulet of regeneration (around neck)
   (You found it on level 2 of the Dungeon)
 q - a ring of magical power (left hand)
   (You found it on level 2 of the Dungeon)
Wands
 f - a wand of polymorph (5)
 v - a wand of mindburst (8)
   (You found it on level 3 of the Dungeon)
Scrolls
 l - a scroll of magic mapping
 m - a scroll of teleportation {unknown}
 p - a scroll of poison {!r}
 u - a scroll of blinking
 y - a scroll of fear {unknown}
 z - a scroll of fog {unknown}
 A - a scroll of silence {unknown}
Potions
 c - 3 potions of heal wounds {@q2}
 g - 2 potions of berserk rage {unknown}
 i - a potion of might {unknown}
 k - 2 potions of haste {@q3}
 n - 3 potions of curing {@q1}
 o - 2 potions of ambrosia {unknown}
 r - 4 potions of flight {unknown}
 s - 2 potions of lignification {unknown}


   Skills:
 + Level 2.6 Fighting
 + Level 2.6 Short Blades
 + Level 2.6 Long Blades
 + Level 2.6 Axes
 + Level 2.6 Maces & Flails
 + Level 2.6 Polearms
 + Level 2.6 Staves
 + Level 7.1 Ranged Weapons
 + Level 2.6 Throwing
 + Level 2.6 Armour
 + Level 3.7 Dodging
 + Level 2.6 Stealth
 + Level 2.6 Shields
 + Level 2.6 Unarmed Combat
 + Level 3.9 Spellcasting
 + Level 4.4 Conjurations
 + Level 2.1 Hexes
 + Level 2.1 Summonings
 + Level 2.1 Necromancy
 + Level 2.1 Translocations
 + Level 2.1 Transmutations
 + Level 2.1 Fire Magic
 + Level 2.1 Ice Magic
 + Level 2.1 Air Magic
 + Level 2.1 Earth Magic
 + Level 2.1 Poison Magic
 + Level 3.0 Invocations
 + Level 7.1 Evocations


You had 5 spell levels left.
You knew the following spells:

 Your Spells              Type           Power      Damage    Failure   Level
a - Shock                 Conj/Air       60%        1d6       5%          1
b - Momentum Strike       Conj/Tloc      30%        3d8       9%          2
c - Stone Arrow           Conj/Erth      30%        3d8       16%         3
d - Blink                 Tloc           22%        N/A       13%         2

Your spell library contained the following spells:

 Spells                   Type           Power      Damage    Failure   Level
 Lesser Beckoning         Tloc           22%        N/A       26%         3
 Vhi's Electric Charge    Tloc/Air       22%        N/A       26%         3
 Arcjolt                  Conj/Air       7%         1d17      83%         5
 Maxwell's Capacitive Co  Air            5%         ∞         100%        8


Dungeon Overview and Level Annotations

Branches:
Dungeon (5/15)             Temple (0/1) D:4

Altars:
Elyvilon
Makhleb
Zin


Innate Abilities, Weirdness & Mutations

You have very sharp teeth.
Your uncanny sense of smell can sniff out nearby items.
Your experience applies equally to all skills.


Message History

You feel less confused.
You feel very sick. The orc wizard casts a spell at you.
The magic dart hits you.
* * * LOW HITPOINT WARNING * * *
You feel better.
An orc comes into view. It is wielding a +0 flail.
The orc wizard gestures at you while chanting.
You are confused.
You feel better.
The orc wizard hits you but does no damage.
You are poisoned.
You shoot an arrow.
The arrow closely misses the orc wizard.
The orc shouts!
You feel very sick.
The orc drinks a potion.
The orc seems to speed up.
The orc wizard closely misses you.
You shoot an arrow.
The arrow completely misses the orc wizard.
You feel sick. The orc wizard completely misses you.
The orc wizard hits you with a +1 dagger of venom.
You are more poisoned.
a - a +0 halberd (weapon)
You feel sick.
You miss the orc wizard.
You feel very sick.
The orc wizard gestures wildly while chanting.
The orc wizard flickers and vanishes!
Deactivating autopickup; reactivate with Ctrl-A.
Something hits you but does no damage.
You are more poisoned.
An ogre comes into view. It is wielding a +0 giant club.
You barely miss something.
You feel extremely sick. Something hits you.
* * * LOW HITPOINT WARNING * * *
You are lethally poisoned!
You closely miss something.
* * * LOW HITPOINT WARNING * * *
You feel extremely sick. Something hits you but does no damage.
You are more poisoned.
Unknown command.
You miss something.
* * * LOW HITPOINT WARNING * * *
You feel extremely sick.
The ogre shouts!
Something hits you.
You die...

#.# #.#
##.############
#..............
#######...####.####
#..........O.
#...###....#
#...###....#
#...'@{o...#
#...###....# #...#
...# ##### ###


You could see an ogre and an orc (fast).

Vanquished Creatures
  Menkaure (D:4)
  A centaur (D:5)
  A bullfrog (D:5)
  A necrophage (D:4)
  2 scorpions
  A gnoll bouda (D:5)
  Terence (D:2)
  An orc wizard (D:3)
  8 adders
  4 gnolls (D:5)
  2 worms (D:2)
  2 dart slugs (D:4)
  7 orcs
  7 ball pythons
  3 bats
  10 endoplasms
  2 giant cockroaches
  3 goblins
  6 hobgoblins
  A jackal (D:2)
  6 kobolds
  3 quokkas
  4 frilled lizards
  3 rats (D:1)
80 creatures vanquished.

Vanquished Creatures (others)
  A hound (D:4)
  Ijyb (D:3)
  An orc wizard (D:3)
  An endoplasm (D:2)
  A frilled lizard (D:2)
5 creatures vanquished.

Grand Total: 85 creatures vanquished

Notes
Turn   | Place    | Note
-------+----------+-------------------------------------------
     0 | D:1      | Pooter the Gnoll Wanderer began the quest for the Orb.
     0 | D:1      | Pooter set off with the following items: a +0 shortbow, a
                  | wand of polymorph (6), a potion of heal wounds {@q2}, a +0
                  | robe; and the following spell memorised: Shock; and the
                  | following spells available to memorise: Stone Arrow.
     0 | D:1      | Reached XP level 1. HP: 13/13 MP: 4/4
   149 | D:1      | Reached XP level 2. HP: 19/19 MP: 5/5
   617 | D:1      | Found a faded altar of an unknown god.
   625 | D:1      | Prayed at the altar of an unknown god.
   625 | D:1      | Became a worshipper of Makhleb the Destroyer
   625 | D:1      | Reached * piety under Makhleb
   649 | D:2      | Learned a level 2 spell: Momentum Strike
   675 | D:2      | Reached XP level 3. HP: 25/25 MP: 7/7
   716 | D:2      | Reached skill level 1 in Invocations
  1122 | D:2      | Reached skill level 1 in Fighting
  1122 | D:2      | Reached skill level 1 in Short Blades
  1122 | D:2      | Reached skill level 1 in Long Blades
  1122 | D:2      | Reached skill level 1 in Axes
  1122 | D:2      | Reached skill level 1 in Maces & Flails
  1122 | D:2      | Reached skill level 1 in Polearms
  1122 | D:2      | Reached skill level 1 in Staves
  1122 | D:2      | Reached skill level 1 in Throwing
  1122 | D:2      | Reached skill level 1 in Armour
  1122 | D:2      | Reached skill level 1 in Stealth
  1122 | D:2      | Reached skill level 1 in Shields
  1122 | D:2      | Reached skill level 1 in Unarmed Combat
  1286 | D:2      | Reached XP level 4. HP: 32/32 MP: 8/8
  1388 | D:2      | Noticed Terence
  1401 | D:2      | Killed Terence
  1402 | D:2      | Reached skill level 1 in Hexes
  1402 | D:2      | Reached skill level 1 in Summonings
  1402 | D:2      | Reached skill level 1 in Necromancy
  1402 | D:2      | Reached skill level 1 in Translocations
  1402 | D:2      | Reached skill level 1 in Transmutations
  1402 | D:2      | Reached skill level 1 in Fire Magic
  1402 | D:2      | Reached skill level 1 in Ice Magic
  1402 | D:2      | Reached skill level 1 in Air Magic
  1402 | D:2      | Reached skill level 1 in Earth Magic
  1402 | D:2      | Reached skill level 1 in Poison Magic
  2108 | D:3      | Learned a level 3 spell: Stone Arrow
  2131 | D:3      | Noticed Ijyb
  2139 | D:3      | Killed Ijyb
  2264 | D:3      | Reached XP level 5. HP: 31/37 MP: 9/9
  2355 | D:3      | Found a white marble altar of Elyvilon.
  2608 | D:3      | Found a glowing silver altar of Zin.
  2771 | D:4      | Reached XP level 6. HP: 32/44 MP: 11/11
  2790 | D:4      | Learned a level 2 spell: Blink
  3101 | D:4      | Reached ** piety under Makhleb
  3377 | D:4      | Noticed Menkaure
  3383 | D:4      | Killed Menkaure
  3565 | D:4      | Found a staircase to the Ecumenical Temple.
  3616 | D:5      | Entered Level 5 of the Dungeon
  3681 | D:5      | Reached XP level 7. HP: 7/49 MP: 12/12
  4038 | D:5      | HP: 2/51 [poisoned by an orc wizard]
  4038 | D:5      | Slain by an orc wizard

Illustrated notes

Levels and vault maps discovered:
D:1:      lightli_arrival_farm, layout_basic,
          hellmonk_ecumenical_altar_leap_of_faith
D:2:      layout_basic, serial_rivers, chequers_serial_rivers_micro_c,
          chequers_serial_rivers_small_3, chequers_serial_rivers_room_b,
          chequers_serial_rivers_large_b, chequers_serial_rivers_marsh,
          chequers_serial_rivers_room_b, minmay_cupped, uniq_terence
D:3:      layout_basic, elyvilon_altar_3, mainiacjoe_overflow_brackets,
          uniq_ijyb
D:4:      layout_basic, minmay_temple_entry_drinking_statues, uniq_menkaure
D:5:      layout_basic

Skill      XL: |  1  2  3  4  5  6  7 |
---------------+----------------------+-----
Invocations    | 1 2 3 |  3.0
Fighting       | 1 2 |  2.6
Short Blades   | 1 2 |  2.6
Long Blades    | 1 2 |  2.6
Axes           | 1 2 |  2.6
Maces & Flails | 1 2 |  2.6
Polearms       | 1 2 |  2.6
Staves         | 1 2 |  2.6
Throwing       | 1 2 |  2.6
Armour         | 1 2 |  2.6
Stealth        | 1 2 |  2.6
Shields        | 1 2 |  2.6
Unarmed Combat | 1 2 |  2.6
Spellcasting   | 3 |  3.9
Hexes          | 1 2 |  2.1
Summonings     | 1 2 |  2.1
Necromancy     | 1 2 |  2.1
Translocations | 1 2 |  2.1
Transmutations | 1 2 |  2.1
Fire Magic     | 1 2 |  2.1
Ice Magic      | 1 2 |  2.1
Air Magic      | 1 2 |  2.1
Earth Magic    | 1 2 |  2.1
Poison Magic   | 1 2 |  2.1
Dodging        | 3 |  3.7
Conjurations   | 4 |  4.4
Ranged Weapons | 7 |  7.1
Evocations     | 7 |  7.1

Action                   |  1- 3 |  4- 6 |  7- 9 || total
-------------------------+-------+-------+-------++-------
Melee: Short sword       |    16 |       |       ||    16
       Bite              |     1 |     4 |       ||     5
       Staff             |       |    64 |       ||    64
       Punch             |       |     1 |       ||     1
       Halberd           |       |       |     4 ||     4
       Shortbow          |       |       |     3 ||     3
 Fire: Shortbow          |    93 |    97 |    11 ||   201
 Cast: Momentum Strike   |     3 |     7 |       ||    10
       Shock             |       |    28 |     9 ||    37
       Stone Arrow       |       |       |     1 ||     1
Evoke: Wand              |       |       |     2 ||     2
  Use: Scroll            |       |     4 |       ||     4
       Potion            |       |       |     2 ||     2
Armor: Robe              |    10 |     1 |       ||    11
       Leather armour    |       |    18 |     5 ||    23
Dodge: Dodged            |    19 |    61 |     9 ||    89

Table legend: (Time is in decaauts)
 A = Elapsed time spent in this place.
 B = Non-inter-level travel time spent in this place.
 C = Inter-level travel time spent in this place.
 D = Time resting spent in this place.
 E = Time spent auto-exploring this place.
 F = Levels seen in this place.
 G = Mean time per level.
                   A        B        C        D        E       F      G
               +--------+--------+--------+--------+--------+-----+--------+
         Total |   4122 |   3989 |    133 |    653 |   2581 |   5 |  824.4 |
       Dungeon |   4122 |   3989 |    133 |    653 |   2581 |   5 |  824.4 |
               +--------+--------+--------+--------+--------+-----+--------+

Top non-repeatable levels by time:
     D:2: 1371 daAuts
     D:4: 878 daAuts
     D:3: 778 daAuts
     D:1: 668 daAuts
     D:5: 425 daAuts
